 Dungeon Crawl Stone Soup version 0.29.0-13-gc9e81de378 (webtiles) character file.

Game seed: 905739011755388624

23748 Iusername the Cleaver (level 12, -5/110 HPs)
             Began as a Minotaur Fighter on Sept 8, 2022.
             Was a High Priest of Makhleb.
             Slain by a 17-headed hydra (6 damage)
             ... on level 2 of the Lair of Beasts on Sept 9, 2022.
             The game lasted 00:31:56 (18217 turns).

Iusername the Cleaver (Minotaur Fighter)           Turns: 18217, Time: 00:31:59

Health: -5/110     AC: 27    Str: 31    XL:     12   Next: 74%
Magic:  0/11       EV:  7    Int: 13    God:    Makhleb [*****.]
Gold:   1645       SH:  8    Dex: 17    Spells: 11/11 levels left

rFire   . . .      SeeInvis +   A - +6 hand axe of Rocofiuz {spect, *Noise Fly rPois SInv}
rCold   . . .      Faith    .   I - +1 buckler {reflect}
rNeg    . . .      Spirit   +   Q - +1 crystal plate armour
rPois   +          Reflect  +   x - +0 hat "Fegues" {Regen+ Str+4}
rElec   .          Harm     .   (no cloak)
rCorr   .          Rampage  .   K - +0 pair of gloves of Inquiry {Int+4}
Will    .....                   D - +0 pair of boots
Stlth   ..........              f - amulet of guardian spirit
HPRegen 1.08/turn               P - +6 ring of dexterity
MPRegen 0.12/turn               O - +6 ring of strength

@: mighty, flying
A: horns 2, retaliatory headbutt
a: Renounce Religion, Minor Destruction, Lesser Servant of Makhleb, Major
Destruction, Greater Servant of Makhleb


You were on level 2 of the Lair of Beasts.
You worshipped Makhleb.
Makhleb was extremely pleased with you.
You visited 2 branches of the dungeon, and saw 13 of its levels.

You collected 1645 gold pieces.

Inventory:

Hand Weapons
 A - the +6 hand axe of Rocofiuz (weapon) {spect, *Noise Fly rPois SInv}
   (You found it on level 4 of the Dungeon)

   When its wielder attacks, the weapon's spirit leaps out and strikes again.
   The spirit shares a part of any damage it takes with its wielder.
   rPois:     It protects you from poison.
   SInv:      It lets you see invisible.
   Fly:       It grants you flight.
   *Noise:    It may make noises in combat.
Missiles
 a - 9 javelins (quivered)
 c - a throwing net
Armour
 x - the +0 hat "Fegues" (worn) {Regen+ Str+4}
   (You found it on level 11 of the Dungeon)

   Str:       It affects your strength (+4).
   Regen:     It increases your rate of health regeneration.
 D - a +0 pair of boots (worn)
 I - a +1 buckler of reflection (worn)
 K - the +0 pair of gloves of Inquiry (worn) {Int+4}
   (You found it on level 6 of the Dungeon)

   Int:       It affects your intelligence (+4).
 Q - a +1 crystal plate armour (worn)
Jewellery
 f - an amulet of guardian spirit (around neck)
 i - a +4 ring of evasion
 N - a ring of flight
 O - a +6 ring of strength (right hand)
 P - a +6 ring of dexterity (left hand)
 T - a ring of resist corrosion
Wands
 h - a wand of polymorph (3)
 q - a wand of mindburst (14)
 y - a wand of paralysis (16)
 J - a wand of iceblast (6)
 L - a wand of digging (2)
Scrolls
 b - a scroll of poison
 k - 3 scrolls of fog
 m - a scroll of summoning {unknown}
 n - 4 scrolls of vulnerability
 r - 2 scrolls of enchant weapon
 w - 2 scrolls of magic mapping
 z - 5 scrolls of teleportation
 B - 3 scrolls of noise
 F - 2 scrolls of immolation
 M - a scroll of torment {unknown}
Potions
 d - 2 potions of might
 e - 4 potions of lignification
 g - 3 potions of degeneration {unknown}
 j - 2 potions of attraction {unknown}
 o - 2 potions of curing
 p - a potion of flight {unknown}
 s - 4 potions of berserk rage
 t - 2 potions of haste {unknown}
 u - 5 potions of brilliance
 v - 2 potions of resistance {unknown}
 C - 4 potions of mutation {unknown}
 E - 2 potions of magic {unknown}
 G - a potion of cancellation {unknown}
 H - 2 potions of ambrosia {unknown}
 R - a potion of invisibility {unknown}


   Skills:
 + Level 11.2 Fighting
 + Level 5.4 Long Blades
 + Level 14.3 Axes
 + Level 1.7 Throwing
 + Level 14.3 Armour
 + Level 2.0 Dodging
 + Level 5.0 Stealth
 + Level 9.6 Shields


You had 11 spell levels left.
You didn't know any spells.
Your spell library contained the following spells:

 Spells                   Type           Power      Damage    Failure   Level
 Apportation              Tloc           0%         N/A       99%         1
 Freeze                   Ice            0%         1d3       99%         1
 Necrotise                Necr           0%         1d4       99%         1
 Summon Small Mammal      Summ           0%         N/A       99%         1
 Conjure Flame            Conj/Fire      0%         6-21      100%        3
 Frozen Ramparts          Ice            0%         1d1       100%        3
 Ignite Poison            Fire/Tmut/Pois 0%         N/A       100%        3
 Tukima's Dance           Hex            0%         N/A       100%        3
 Fulminant Prism          Conj/Hex       0%         3d6       100%        4
 Hailstorm                Conj/Ice       0%         3d3       100%        4
 Ice Form                 Ice/Tmut       0%         N/A       100%        4
 Iskenderun's Mystic Bla  Conj/Tloc      0%         2d3       100%        4
 Passage of Golubria      Tloc           0%         N/A       100%        4
 Sticky Flame             Conj/Fire      0%         2d3       100%        4
 Lee's Rapid Deconstruct  Erth           0%         3d5*      100%        5
 Yara's Violent Unravell  Hex/Tmut       0%         3d3       100%        5
 Dispersal                Tloc           0%         N/A       100%        6
 Simulacrum               Ice/Necr       0%         N/A       100%        6
 Disjunction              Tloc           0%         N/A       100%        8


Dungeon Overview and Level Annotations

Branches:
Dungeon (11/15)            Temple (0/1) D:5            Lair (2/5) D:11
  Swamp: Lair:2-3    Shoals: Lair:2-3     Snake: Lair:2-3    Spider: Lair:2-3
    Orc: D:9-12

Altars:
Ashenzari
Dithmenos
Elyvilon
Hepliaklqana
Makhleb
Nemelex Xobeh
Qazlal
Sif Muna
Uskayaw


Innate Abilities, Weirdness & Mutations

You have a pair of horns on your head.
You reflexively headbutt those who attack you in melee.


Message History

The 16-headed hydra is lightly wounded.
You hit the plant.
Your +6 hand axe of Rocofiuz {spect, *Noise Fly rPois SInv} hits the plant!
You hack one of the 16-headed hydra's heads off!
The 15-headed hydra grows two more!
You slash the 17-headed hydra!
The 17-headed hydra is moderately wounded.
You slash the plant!
Your +6 hand axe of Rocofiuz {spect, *Noise Fly rPois SInv} hits the plant!
The 17-headed hydra bites you but does no damage.
The 17-headed hydra bites you. You block the 17-headed hydra's attack.
The 17-headed hydra bites you but does no damage. x4
You block the 17-headed hydra's attack.
The 17-headed hydra bites you but does no damage.
The 17-headed hydra bites you!
The 17-headed hydra bites you but does no damage.
The 17-headed hydra bites you!
The 17-headed hydra bites you but does no damage.
The 17-headed hydra bites you. The 17-headed hydra bites you!
* * * LOW HITPOINT WARNING * * *
The 17-headed hydra completely misses you.
The 17-headed hydra barely misses you.
You barely miss the 17-headed hydra. You headbutt the 17-headed hydra!!
The 17-headed hydra is heavily wounded.
You slash the plant!
Your +6 hand axe of Rocofiuz {spect, *Noise Fly rPois SInv} hits the plant!
A nearby plant withers and dies.
The 17-headed hydra bites you.
* * * LOW HITPOINT WARNING * * *
The 17-headed hydra bites you!
* * * LOW HITPOINT WARNING * * *
The 17-headed hydra bites you but does no damage. x2
The 17-headed hydra bites you!
* * * LOW HITPOINT WARNING * * *
The 17-headed hydra completely misses you.
You block the 17-headed hydra's attack.
The 17-headed hydra bites you but does no damage.
The 17-headed hydra bites you!
* * * LOW HITPOINT WARNING * * *
The 17-headed hydra bites you but does no damage. x4
The 17-headed hydra bites you.
You die...

... .......... ... >........
... ........ P.. P...... #
#....# # #....## # +.....##
# #...D#.# .. #...@+.+
.....# #....(# .. .....# ##
#....## ... ....###..
##.....##### #...
.................#.P#.##....
............................
............................
.......P..###P..............
............................


You could see a 17-headed hydra and a friendly +6 hand axe of Rocofiuz {spect,
*Noise Fly rPois SInv} (summoned).

Vanquished Creatures
  Snorg (D:10)
  2 two-headed ogres
  2 ugly things (D:11)
  2 manticores (D:11)
  6 elephants (Lair:1)
  2 black mambas
  An unseen horror (D:11)
  Psyche (D:11)
  3 cane toads
  2 rime drakes (Lair:1)
  A komodo dragon (Lair:1)
  A kobold demonologist (D:10)
  2 hornets
  A merfolk (D:11)
  4 trolls
  6 blink frogs (Lair:2)
  A shadow (D:9)
  A hog (D:11)
  15 yaks
  A basilisk (Lair:1)
  3 water elementals (D:11)
  6 wyverns (D:11)
  2 vampire mosquitoes (D:10)
  3 steam dragons
  2 acid dragons
  4 water moccasins
  5 ice beasts
  6 black bears (D:11)
  8 orc warriors
  5 sky beasts
  19 centaurs
  A phantom (D:5)
  10 kobold brigands
  9 bullfrogs
  2 necrophages
  5 gnoll sergeants
  4 scorpions
  6 wights
  6 killer bees (D:9)
  A howler monkey (D:10)
  7 electric eels (D:11)
  2 jellies
  4 hounds
  8 orc priests
  4 iguanas
  10 orc wizards
  2 hell rats (Lair:1)
  9 gnolls
  9 adders
  6 river rats (Lair:1)
  A shadow imp (D:7)
  A white imp (D:6)
  An ufetubus (D:2)
  2 worms
  A dart slug (D:5)
  28 orcs
  6 endoplasms
  4 giant cockroaches
  6 goblins
  11 hobgoblins
  7 jackals
  48 kobolds
  4 quokkas
  9 ball pythons
  3 bats (D:1)
  4 frilled lizards
  9 rats
368 creatures vanquished.

Vanquished Creatures (others)
  6 fungi
  53 plants
59 creatures vanquished.

Grand Total: 427 creatures vanquished

Notes
Turn   | Place    | Note
-------+----------+-------------------------------------------
     0 | D:1      | Iusername the Minotaur Fighter began the quest for the Orb.
     0 | D:1      | Reached XP level 1. HP: 19/19 MP: 0/0
   249 | D:1      | Reached XP level 2. HP: 27/27 MP: 1/1
   724 | D:1      | Reached XP level 3. HP: 33/33 MP: 2/2
  1729 | D:3      | Reached XP level 4. HP: 40/40 MP: 3/3
  2135 | D:3      | Found a hide-covered altar of Uskayaw.
  2135 | D:3      | Found a burning altar of Makhleb.
  2213 | D:3      | Became a worshipper of Makhleb the Destroyer
  2821 | D:4      | Identified the +6 hand axe of Rocofiuz {spect, *Noise Fly
                  | rPois SInv}
  2914 | D:4      | Reached skill level 5 in Armour
  2914 | D:4      | Reached XP level 5. HP: 22/46 MP: 2/4
  3228 | D:4      | Paralysed by a wight for 3 turns
  3233 | D:4      | Reached XP level 6. HP: 51/53 MP: 5/5
  3233 | D:4      | Reached * piety under Makhleb
  3244 | D:4      | Found a stormy altar of Qazlal.
  3424 | D:5      | Entered Level 5 of the Dungeon
  3478 | D:5      | Noticed a sky beast
  3492 | D:5      | Killed a sky beast
  3493 | D:5      | Reached skill level 5 in Long Blades
  3493 | D:5      | Reached skill level 1 in Axes
  3493 | D:5      | Reached skill level 1 in Dodging
  3593 | D:5      | Noticed a water moccasin
  3597 | D:5      | Killed a water moccasin
  3824 | D:5      | Found a shadowy altar of Dithmenos.
  3828 | D:5      | Found a white marble altar of Elyvilon.
  3834 | D:5      | Found a stormy altar of Qazlal.
  3837 | D:5      | Found a sparkling altar of Nemelex Xobeh.
  3840 | D:5      | Found a shimmering blue altar of Sif Muna.
  3842 | D:5      | Reached XP level 7. HP: 60/60 MP: 6/6
  3845 | D:5      | Found a hazy altar of Hepliaklqana.
  3877 | D:5      | Reached skill level 5 in Shields
  3946 | D:5      | Found a staircase to the Ecumenical Temple.
  4213 | D:5      | Reached skill level 5 in Fighting
  4641 | D:6      | Reached XP level 8. HP: 62/69 MP: 5/7
  4726 | D:6      | Reached skill level 5 in Axes
  5839 | D:6      | Identified the +0 pair of gloves of Inquiry {Int+4}
  6775 | D:7      | Reached skill level 1 in Stealth
  6806 | D:7      | Noticed a hornet
  6815 | D:7      | Killed a hornet
  6816 | D:7      | Reached XP level 9. HP: 57/78 MP: 3/8
  7114 | D:7      | Reached ** piety under Makhleb
  8257 | D:7      | Reached skill level 10 in Armour
  9166 | D:8      | Noticed a troll
  9171 | D:8      | Killed a troll
  9172 | D:8      | Reached XP level 10. HP: 86/90 MP: 7/9
 10092 | D:9      | Found a broken altar of Ashenzari.
 10630 | D:9      | Reached *** piety under Makhleb
 11040 | D:9      | Reached skill level 10 in Axes
 12372 | D:9      | Identified a scroll of acquirement
 12372 | D:9      | Acquired 680 gold pieces
 12434 | D:10     | Entered Level 10 of the Dungeon
 12903 | D:10     | Identified the +10 dagger "Neso" {vorpal, rElec MP+9 Dex-2}
 12982 | D:10     | Noticed a two-headed ogre
 12993 | D:10     | Killed a two-headed ogre
 13500 | D:10     | Noticed Snorg
 13519 | D:10     | HP: 3/91 [Snorg (8)]
 13522 | D:10     | Killed Snorg
 13523 | D:10     | Reached XP level 11. HP: 23/97 MP: 1/10
 13675 | D:10     | Noticed a soul eater
 14369 | D:11     | Found a staircase to the Lair.
 14377 | D:11     | Noticed Psyche
 14384 | D:11     | Killed Psyche
 14385 | D:11     | Reached skill level 1 in Throwing
 14602 | D:11     | Noticed a purple ugly thing
 14612 | D:11     | Killed a purple ugly thing
 14671 | D:11     | Noticed a green ugly thing
 14680 | D:11     | Killed a green ugly thing
 14703 | D:11     | Reached **** piety under Makhleb
 15179 | D:11     | Found a hide-covered altar of Uskayaw.
 15322 | D:11     | Reached skill level 10 in Fighting
 16512 | D:11     | Reached XP level 12. HP: 97/106 MP: 9/11
 16644 | D:11     | Identified the +8 scimitar of the Crafting Sybil {freeze,
                  | rPois Int+2}
 16692 | D:11     | Identified the +0 hat "Fegues" {Regen+ Str+4}
 16756 | D:11     | Reached ***** piety under Makhleb
 16885 | D:11     | Noticed a two-headed ogre
 16893 | D:11     | Killed a two-headed ogre
 17139 | Lair:1   | Entered Level 1 of the Lair of Beasts
 18062 | Lair:2   | Reached skill level 5 in Stealth
 18202 | Lair:2   | Noticed an eight-headed hydra
 18217 | Lair:2   | HP: 1/110 [17-headed hydra (8)]
 18217 | Lair:2   | Slain by a 17-headed hydra

Illustrated notes

Levels and vault maps discovered:
D:1:      spicycebolla_arrival_ecumenical, layout_basic
D:2:      layout_loops_ring, hangedman_glass_teeth, minmay_misc_feat_plants
D:3:      layout_loops_corners, nicolae_overflow_two_pavilions
D:4:      layout_cave_pools, minmay_ruined_shrine
D:5:      layout_loops_corners, nicolae_overflow_hallway_of_the_gods,
          minmay_temple_entry_wispy, serial_bayou_lagoon_b
D:6:      cheibrodos_thug_alley, layout_basic
D:7:      minmay_recursive_quarters, layout_cave_pools, kennysheep_flooded_box,
          grunt_ministairs_3
D:8:      layout_loops_cross
D:9:      layout_roguey, nicolae_ashenzari_skybound, feat_on_display
D:10:     layout_basic, uniq_snorg
D:11:     kennysheep_town, serial_shops, uniq_psyche
Lair:1:   layout_loops_ring, kennysheep_rathole
Lair:2:   layout_regular_city, minmay_stone_trees_small

Skill      XL: |  1  2  3  4  5  6  7  8  9 10 11 12 |
---------------+-------------------------------------+-----
Fighting       | 4 5 6 8 9 10 11 | 11.2
Armour         | 4 5 6 7 8 10 12 13 14 | 14.3
Shields        | 4 5 6 7 8 9 |  9.6
Long Blades    | 3 4 5 |  5.4
Axes           | 2 4 7 8 11 13 14 | 14.3
Dodging        | 1 2 |  2.0
Stealth        | 1 2 4 5 |  5.0
Throwing       | 1 |  1.7

Action                   |  1- 3 |  4- 6 |  7- 9 | 10-12 || total
-------------------------+-------+-------+-------+-------++-------
Melee: Long sword        |   100 |    63 |       |       ||   163
       Headbutt          |    13 |    14 |    38 |   119 ||   184
       Hand axe          |       |    43 |   187 |   497 ||   727
Throw: Javelin           |       |     1 |       |    10 ||    11
  Use: Scroll            |       |     3 |     1 |    18 ||    22
       Potion            |       |       |     2 |     8 ||    10
 Stab: Distracted        |       |       |     2 |     7 ||     9
Armor: Scale mail        |    66 |    20 |       |       ||    86
       Plate armour      |       |    28 |    90 |   213 ||   331
       Crystal plate arm |       |       |       |   122 ||   122
Dodge: Dodged            |    59 |    27 |    46 |   148 ||   280
Block: Buckler           |    29 |    22 |    39 |   164 ||   254
       Reflection        |       |       |     1 |    17 ||    18
